AoeStats
← Pauloko22

Arabian Desert

509692410Analyzed
1v1 RM · 6d ago on Sep 27, 2026· 51m 29s· 2 players
Game mode
Random Map
Map size
Tiny (2 player)
Population
200
Speed
Normal
Resources
Standard
Victory
Conquest
Starting age
Dark Age
Ending age
Imperial Age
RankedLock teamsTeams togetherTeam positionsShared explorationLock speedFull tech treeHidden civsTurbo modeCheats
Victory
Defeat
🇨🇳 Celts · China
444
+18
🇨🇱 Celts · Chile
481
-18
种过两年田
8:46 Loom
31:41 Feudal Age
32:40 Arson
36:21 Scale Mail Armor
36:14 Town Watch
41:34 Double-Bit Axe
41:31 Horse Collar
46:01 Wheelbarrow
Pauloko22
9:02 Loom
34:21 Feudal Age
34:25 Man-at-Arms
48:04 Horse Collar
48:12 Double-Bit Axe
Connection lost

Rejoining the realm…

Still unreachable

The connection could not be restored.

Session expired

The server has moved on; the page needs a fresh start.